 Dungeon Crawl Stone Soup version 0.21-a0-142-gdd972a7 (webtiles) character file.

300 Klosterheim the Chopper (level 6, 0/52 HPs)
             Began as a Minotaur Fighter on Mar 5, 2017.
             Succumbed to a worker ant's poison
             ... on level 4 of the Dungeon on July 23, 2017.
             The game lasted 00:03:12 (2494 turns).

Klosterheim the Chopper (Minotaur Fighter)          Turns: 2494, Time: 00:03:12

Health: 0/52       AC:  9    Str: 23    XL:     6   Next: 13%
Magic:  5/5        EV:  7    Int:  5    God:
Gold:   165        SH:  9    Dex:  9    Spells: 5/5 levels left

rFire    . . .     SeeInvis .   a - +1 war axe
rCold    . . .     Gourm    .   c - +0 shield
rNeg     . . .     Faith    .   b - +0 scale mail
rPois    .         Spirit   .   (helmet restricted)
rElec    .         Reflect  .   (no cloak)
rCorr    .         Harm     .   (no gloves)
MR       .....                  p - +1 pair of boots
Stlth    ..........             (no amulet)
HPRegen  0.17/turn              i - ring of wizardry
MPRegen  0.09/turn              (no ring)

@: lethally poisoned (0 -> -5)
A: retaliatory headbutt, horns 2
a: no special abilities


You were on level 4 of the Dungeon.
You were not hungry.

You visited 1 branch of the dungeon, and saw 4 of its levels.
You also visited: Sewer.

You collected 165 gold pieces.

Inventory:

Hand Weapons
 a - a +1 war axe (weapon)
Armour
 b - a +0 scale mail (worn)
 c - a +0 shield (worn)
 d - a +2 hat
 p - a +1 pair of boots (worn)
Jewellery
 i - a ring of wizardry (left hand)
 s - an uncursed ring of ice {unknown}
Wands
 r - a wand of acid (11/15)
Scrolls
 g - 2 scrolls of identify
 h - a scroll of remove curse
 l - 3 scrolls of fear
 o - a scroll of teleportation {unknown}
 q - a scroll of enchant armour
Potions
 e - a potion of degeneration
 j - 3 potions of heal wounds {unknown}
 k - 3 potions of flight {unknown}
 m - a potion of mutation {unknown}
 u - a potion of haste {unknown}
Books
 v - a book of Cantrips

   Spells                             Type                      Level
   a - Confusing Touch                Hexes                        1
   b - Animate Skeleton               Necromancy                   1
   c - Summon Small Mammal            Summoning                    1
   d - Apportation                    Translocation                1
Comestibles
 f - 2 bread rations
 n - 2 chunks of flesh
 t - a royal jelly


   Skills:
 - Level 3.7 Fighting
 * Level 7.8 Axes
 - Level 3.6 Armour
 - Level 3.7 Shields


You had 5 spell levels left.
You didn't know any spells.

Dungeon Overview and Level Annotations

Branches:
Dungeon (4/15)
 Temple: D:4-7

Altars:


Innate Abilities, Weirdness & Mutations

You reflexively headbutt those who attack you in melee.
You have a pair of horns on your head.


Message History

The worker ant barely misses you.
* * * LOW HITPOINT WARNING * * *
You feel sick. You block the worker ant's attack.
* * * LOW HITPOINT WARNING * * *
You feel sick. You block the worker ant's attack.
* * * LOW HITPOINT WARNING * * *
You feel sick. You block the worker ant's attack.
* * * LOW HITPOINT WARNING * * *
You feel sick. You block the worker ant's attack.
* * * LOW HITPOINT WARNING * * *
You feel sick. The worker ant bites you.
* * * LOW HITPOINT WARNING * * *
The worker ant bites you but does no damage.
* * * LOW HITPOINT WARNING * * *
You feel sick. The worker ant barely misses you.
* * * LOW HITPOINT WARNING * * *
You feel sick. The worker ant closely misses you. You furiously retaliate!
You headbutt the worker ant, but do no damage.
The worker ant bites you but does no damage.
You die...

##..
#.##.....##.####.#
..##........# .#
####.....#### .#
##...## .# #...##
# #.#.#.#
...#.#.#.#######.
#...............
####..@#########
##a## #. .. ##. ..
##


You could see a worker ant.

Vanquished Creatures
  The ghost of Aksej the Chopper, an amateur OpMo (D:3)
  A big kobold (Sewer)
  4 adders
  4 dart slugs
  3 leopard geckos
  3 ball pythons
  7 bats
  3 giant cockroaches
  4 goblins
  6 hobgoblins
  3 jackals
  9 kobolds
  A quokka (D:3)
  4 frilled lizards
  6 rats
59 creatures vanquished.

Notes
Turn   | Place    | Note
-------+----------+-------------------------------------------
     0 | D:1      | Klosterheim the Minotaur Fighter began the quest for the Orb.
     0 | D:1      | Reached XP level 1. HP: 19/19 MP: 0/0
   215 | D:1      | Reached skill level 3 in Axes
   325 | D:1      | Reached XP level 2. HP: 27/27 MP: 1/1
   874 | D:2      | Reached skill level 4 in Axes
   980 | D:2      | Reached XP level 3. HP: 33/33 MP: 2/2
  1286 | D:2      | Reached skill level 5 in Axes
  1443 | D:2      | Reached XP level 4. HP: 40/40 MP: 3/3
  1683 | D:3      | Noticed Aksej's ghost (amateur OpMo)
  1701 | D:3      | Killed Aksej's ghost
  1701 | D:3      | Reached skill level 7 in Axes
  1701 | D:3      | Reached XP level 5. HP: 21/46 MP: 4/4
  1716 | D:3      | Upgraded the game from 0.20-a0-823-gdec668e to 0.21-a0-142-gdd972a7
  2043 | D:3      | Found a glowing drain.
  2073 | Sewer    | Entered a sewer
  2142 | Sewer    | Reached XP level 6. HP: 35/52 MP: 5/5
  2321 | Sewer    | Found a white marble altar of Elyvilon.
  2491 | D:4      | HP: 2/52 [poisoned by a worker ant]
  2494 | D:4      | Succumbed to a worker ant's poison

Vault maps used:
D:1:      dpeg_arrival_short_road, st_stairs_14
D:3:      lightli_sewer_entry_pipes
D:4:      nemelex_xobeh_ov_fountains_minmay, first_bread
Sewer:    sewer_kobolds

Skill      XL: |  1  2  3  4 |
---------------+-------------+-----
Axes           | 3 4 5 7 |  7.8
Fighting       | |  3.7
Armour         | |  3.6
Shields        | |  3.7

Action                   |  1- 3 |  4- 6 || total
-------------------------+-------+-------++-------
Melee: War axe           |    75 |    53 ||   128
       Headbutt          |     6 |     3 ||     9
  Use: Scroll            |       |     5 ||     5
       Potion            |       |     1 ||     1
  Eat: Chunk             |     2 |     3 ||     5
Armor: Scale mail        |    22 |    30 ||    52
Dodge: Dodged            |    28 |    21 ||    49
Block: Shield            |    34 |    35 ||    69
